 Dungeon Crawl Stone Soup version 0.28-a0-779-g3d1f99b579 (webtiles) character file.

Game seed: 9726117013451322922

5223 HoaS the Cruncher (level 10, -5/59 HPs)
             Began as a Gargoyle Gladiator on Oct 29, 2021.
             Was a Follower of Okawaru.
             Slain by a white ugly thing (28 damage)
             ... on level 9 of the Dungeon on Nov 2, 2021.
             The game lasted 00:27:54 (12003 turns).

HoaS the Cruncher (Gargoyle Gladiator)             Turns: 12003, Time: 00:27:55

Health: -5/59      AC: 24    Str: 20    XL:     10   Next: 61%
Magic:  11/11      EV:  7    Int: 15    God:    Okawaru [*.....]
Gold:   1592       SH:  5    Dex: 20    Spells: 9/9 levels left

rFire   . . .      SeeInvis .   w - +9 lajatang of Guile {vorpal, Int+6}
rCold   . . .      Faith    .   (shield currently unavailable)
rNeg    + . .      Spirit   .   y - +0 plate armour
rPois   ∞          Reflect  +   c - +1 helmet
rElec   +          Harm     .   t - +0 cloak "Kadyckeu" {Dex+2}
rCorr   +          Rampage  .   A - +2 pair of gloves
Will    .....                   (no boots)
Stlth   ..........              i - amulet of reflection
HPRegen 0.19/turn               G - +6 ring of dexterity
MPRegen 0.12/turn               h - ring of resist corrosion

@: hasted, very quick
A: sickness immunity, AC +7, negative energy resistance 1, electricity
resistance, torment resistance 1, petrification resistance
a: Renounce Religion, Heroism


You were on level 9 of the Dungeon.
You worshipped Okawaru.
Okawaru was aware of your devotion.
You visited 2 branches of the dungeon, and saw 12 of its levels.

You collected 2292 gold pieces.
You spent 700 gold pieces at shops.

Inventory:

Hand Weapons
 e - a +0 shortbow
 q - a +0 quarterstaff
 w - the +9 lajatang of Guile (weapon) {vorpal, Int+6}
   (You acquired it on level 8 of the Dungeon)

   It inflicts extra damage upon your enemies.
   Int:       It affects your intelligence (+6).
Missiles
 a - 22 poisoned darts (quivered)
 f - 192 arrows
 l - 123 bolts
 x - 2 silver boomerangs
 B - a boomerang of dispersal
 H - 3 boomerangs
 I - a curare-tipped dart
Armour
 c - a +1 helmet (worn)
 t - the +0 cloak "Kadyckeu" (worn) {Dex+2}
   (You found it on level 5 of the Dungeon)

   Dex:       It affects your dexterity (+2).
 y - a +0 plate armour (worn)
 A - a +2 pair of gloves (worn)
Jewellery
 g - a ring of see invisible
 h - a ring of resist corrosion (right hand)
 i - an amulet of reflection (around neck)
 u - a ring of fire
 G - a +6 ring of dexterity (left hand)
Wands
 r - a wand of iceblast (10)
 v - a wand of acid (3)
 C - a wand of flame (21)
Scrolls
 d - 2 scrolls of magic mapping
 o - a scroll of summoning
 s - 3 scrolls of fog
 E - 2 scrolls of blinking
 F - 2 scrolls of teleportation
Potions
 b - 2 potions of lignification
 k - 4 potions of flight
 m - 3 potions of attraction
 n - 2 potions of heal wounds
 p - a potion of ambrosia
 z - 3 potions of curing
 D - a potion of degeneration {unknown}
 J - a potion of invisibility {unknown}
 K - a potion of brilliance {unknown}


   Skills:
 * Level 5.0 Fighting
 - Level 14.0 Staves
 - Level 2.0 Bows
 - Level 1.7 Throwing
 + Level 3.0 Armour
 + Level 3.4 Dodging
 + Level 2.5 Invocations


You had 9 spell levels left.
You didn't know any spells.
Your spell library contained the following spells:

 Spells                   Type           Power      Damage    Failure   Level
 Apportation              Tloc           0%         N/A       100%        1
 Blink                    Tloc           0%         N/A       100%        2
 Corpse Rot               Necr/Air       0%         N/A       100%        2
 Static Discharge         Conj/Air       0%         N/A       100%        2
 Lesser Beckoning         Tloc           0%         N/A       100%        3
 Stone Arrow              Conj/Erth      0%         3d7       100%        3
 Cause Fear               Hex            0%         N/A       100%        4
 Dispel Undead            Necr           0%         3d6       100%        4
 Sticky Flame             Conj/Fire      0%         2d3       100%        4
 Lightning Bolt           Conj/Air       0%         1d11      100%        5
 Manifold Assault         Tloc           0%         N/A       100%        5
 Dragon Form              Tmut           0%         N/A       100%        7
 Lehudib's Crystal Spear  Conj/Erth      0%         10d2      100%        8
 Maxwell's Capacitive Co  Air            0%         ∞         100%        8
 Summon Small Mammal      Summ           Unusable   N/A       N/A         1
 Call Canine Familiar     Summ           Unusable   N/A       N/A         3
 Summon Guardian Golem    Hex/Summ       Unusable   N/A       N/A         3
 Animate Armour           Summ/Erth      Unusable   N/A       N/A         4
 Death Channel            Necr           Unusable   N/A       N/A         6
 Dragon's Call            Summ           Unusable   N/A       N/A         9

Dungeon Overview and Level Annotations

Branches:
Dungeon (11/15)            Temple (1/1) D:5            Lair (0/6) D:8
    Orc (0/2) D:10

Altars:
Ashenzari
Cheibriados
Dithmenos
Elyvilon
Fedhas
Gozag
Kikubaaqudgha
Makhleb
Nemelex Xobeh
Okawaru
Qazlal
Ru
Sif Muna
Trog
Uskayaw
Vehumet
Wu Jian
Xom
Yredelemnul
Zin
The Shining One

Shops:
D:3 (   D:7 (   D:8 [?

Annotations:
D:6 1 runed translucent door, Ska's ghost, novice MiBe


Innate Abilities, Weirdness & Mutations

You are immune to sickness and miasma.
Your stone body is resilient. (AC +7)
You are immune to poison.
You resist negative energy. (rN+)
You are resistant to electric shocks. (rElec)
You are resistant to unholy torment.
You are immune to petrification.


Message History

HP restored.
Things that are here:
a +0 flail; an orc corpse You see here a +0 trident.
Things that are here:
a +0 short sword; a +0 chain mail
Things that are here:
a +0 dagger; a scroll of vulnerability; an orc corpse
Found a staircase to the Orcish Mines.
J - a viscous purple potion You pick up a book of the Dragon and begin reading...
You add the spells Cause Fear and Dragon Form to your library.
Found a stone staircase leading down.
Found 30 stones.
A white ugly thing comes into view.
There is a stone staircase leading up here.
The white ugly thing kicks you but does no damage.
You climb upwards.
There is a stone staircase leading down here.
You feel yourself speed up. The white ugly thing kicks you.
The white ugly thing freezes you!!
You barely miss the white ugly thing. You barely miss the white ugly thing.
The white ugly thing kicks you but does no damage.
You slice the white ugly thing!!
The white ugly thing is heavily wounded.
Your plate armour prevents you from hitting the white ugly thing.
The white ugly thing is heavily wounded.
The white ugly thing kicks you but does no damage.
You hit the white ugly thing.
The white ugly thing is severely wounded.
You barely miss the white ugly thing.
The white ugly thing is severely wounded.
The white ugly thing kicks you but does no damage.
You barely miss the white ugly thing.
The white ugly thing is severely wounded.
You barely miss the white ugly thing.
The white ugly thing is severely wounded.
The white ugly thing kicks you! The white ugly thing freezes you!!
You die...

.#.....#........'.....#
####.###........#.....#
...#..#.......###.....#
...'..#.......#.......#
...#..#.......#.......#
####..####....#.......#
.........#....#.......##
.........######u.......#
>.............[.@......#
.............########..#
.............#......#..#
.............#......#..#
.########....#......#..#
.# #....#......#..# .#
#....#......##.## .#
#....#.......'..# .#
#....#.....))#..#


You could see a white ugly thing.

Vanquished Creatures
  A gargoyle (D:10)
  A troll (D:11)
  A hornet (D:8)
  Sigmund (D:4)
  A wraith (D:11)
  5 yaks
  2 wargs (D:8)
  7 orc warriors
  An ice beast (D:4)
  3 ogres
  2 centaurs
  2 kobold brigands
  A bullfrog (D:7)
  A wyvern zombie (D:6)
  3 scorpions
  2 wyvern skeletons (D:7)
  A water moccasin zombie (D:7)
  A water moccasin skeleton (D:6)
  2 howler monkeys (D:7)
  2 electric eels
  2 centaur zombies
  A bullfrog zombie (D:6)
  2 jellies (D:4)
  6 orc priests
  3 hounds (D:4)
  A centaur skeleton (D:6)
  2 iguanas (D:6)
  11 orc wizards
  A howler monkey zombie (D:9)
  4 gnolls (D:3)
  A howler monkey skeleton (D:5)
  4 adders
  A shadow imp (D:6)
  A white imp (D:7)
  3 dart slugs
  44 orcs
  2 endoplasms
  3 giant cockroaches (D:4)
  A goblin (D:4)
  11 hobgoblins
  2 jackals (D:4)
  4 quokkas
  5 ball pythons
  2 bats (D:1)
  7 frilled lizards
  13 kobolds
  11 rats
188 creatures vanquished.

Vanquished Creatures (others)
  6 plants
6 creatures vanquished.

Grand Total: 194 creatures vanquished

Notes
Turn   | Place    | Note
-------+----------+-------------------------------------------
     0 | D:1      | HoaS the Gargoyle Gladiator began the quest for the Orb.
     0 | D:1      | Reached XP level 1. HP: 12/12 MP: 1/1
    72 | D:1      | Found a faded altar of an unknown god.
   233 | D:1      | Reached XP level 2. HP: 17/17 MP: 2/2
   551 | D:1      | Reached skill level 4 in Staves
   831 | D:1      | Reached XP level 3. HP: 15/21 MP: 3/3
   956 | D:2      | Upgraded the game from 0.28-a0-750-g7c675f85b1 to
                  | 0.28-a0-769-g550dbda0cd
   956 | D:2      | Upgraded the game from 0.28-a0-769-g550dbda0cd to
                  | 0.28-a0-779-g3d1f99b579
  1564 | D:3      | HP: 1/21 [gnoll (2)]
  1566 | D:3      | Reached XP level 4. HP: 2/26 MP: 4/4
  1741 | D:3      | Reached skill level 5 in Staves
  2118 | D:3      | Found Neost's Antique Weapon Boutique.
  2302 | D:3      | Found a basalt altar of Yredelemnul.
  2627 | D:4      | Reached XP level 5. HP: 30/30 MP: 5/5
  2924 | D:4      | Noticed an ogre
  2936 | D:4      | Identified a scroll of acquirement
  2936 | D:4      | Acquired 819 gold pieces
  2954 | D:4      | Reached skill level 6 in Staves
  2963 | D:4      | Acquired 914 gold pieces
  3065 | D:3      | Killed an ogre
  3066 | D:3      | Reached XP level 6. HP: 29/35 MP: 6/6
  3229 | D:4      | Noticed Sigmund
  3242 | D:4      | Killed Sigmund
  3243 | D:4      | Reached skill level 7 in Staves
  3243 | D:4      | Reached XP level 7. HP: 34/40 MP: 7/7
  3624 | D:5      | Entered Level 5 of the Dungeon
  3670 | D:4      | Reached skill level 8 in Staves
  4506 | D:4      | Reached skill level 9 in Staves
  4753 | D:5      | Found a staircase to the Ecumenical Temple.
  4762 | Temple   | Entered the Ecumenical Temple
  4977 | D:5      | Identified the +0 cloak "Kadyckeu" {Dex+2}
  5229 | D:5      | Found an opulent altar of Gozag.
  5551 | D:5      | Found a stormy altar of Qazlal.
  5567 | D:5      | Reached XP level 8. HP: 26/44 MP: 8/8
  6227 | D:6      | Reached skill level 10 in Staves
  6309 | D:6      | Noticed a gargoyle
  6310 | D:6      | Found a runed translucent door.
  6310 | D:6      | Noticed Ska's ghost (novice MiBe)
  7262 | D:6      | Found a radiant altar of Vehumet.
  7375 | D:6      | Found an ornate altar of the Wu Jian Council.
  7461 | D:7      | Reached skill level 11 in Staves
  7547 | D:7      | Reached XP level 9. HP: 6/48 MP: 9/9
  8083 | D:7      | Reached skill level 12 in Staves
  8235 | D:7      | Found Rink's Weapon Shop.
  8531 | D:8      | You fall into a shaft and drop 3 floors!
  8750 | D:11     | Noticed a troll
  8781 | D:11     | Killed a troll
  8935 | D:10     | Entered Level 10 of the Dungeon
  8968 | D:10     | Noticed a gargoyle
  8989 | D:10     | Killed a gargoyle
  8990 | D:10     | Reached skill level 13 in Staves
  9248 | D:8      | Got the Grimoire of the Unstable Blaze
  9423 | D:8      | Noticed a hornet
  9435 | D:8      | Killed a hornet
  9436 | D:8      | Reached skill level 1 in Bows
  9637 | D:8      | Found a staircase to the Lair.
  9682 | D:8      | Reached XP level 10. HP: 32/53 MP: 10/10
  9701 | D:8      | Reached skill level 14 in Staves
  9969 | D:8      | Found Iwnaud's Antique Armour Boutique.
  9973 | D:8      | Found Zenast Muqif's Magic Scroll Emporium.
 10522 | D:8      | Bought a scroll of blinking for 75 gold pieces
 10522 | D:8      | Bought a scroll of teleportation for 30 gold pieces
 10522 | D:8      | Bought a scroll of blinking for 75 gold pieces
 10522 | D:8      | Bought a scroll of acquirement for 520 gold pieces
 10522 | D:8      | Acquired the +9 lajatang of Guile {vorpal, Int+6}
 10571 | D:8      | Reached skill level 1 in Armour
 10573 | D:8      | Found a snail-covered altar of Cheibriados.
 10729 | D:8      | Found a white marble altar of Elyvilon.
 10733 | D:8      | Found a shadowy altar of Dithmenos.
 10739 | D:8      | Found an iron altar of Okawaru.
 10744 | D:8      | Found a bloodstained altar of Trog.
 10750 | D:8      | Found a shimmering altar of Xom.
 10755 | D:8      | Found a broken altar of Ashenzari.
 10771 | D:8      | Became a worshipper of Warmaster Okawaru
 10943 | D:7      | Reached skill level 1 in Invocations
 11199 | D:9      | Reached * piety under Okawaru
 11862 | D:10     | Reached skill level 5 in Fighting
 11919 | D:10     | Found a staircase to the Orcish Mines.
 11957 | D:10     | Noticed a white ugly thing
 12003 | D:9      | Slain by a white ugly thing

Illustrated notes

Levels and vault maps discovered:
D:1:      minmay_arrival_nine_rooms, layout_basic,
          chequers_ecumenical_altar_island
D:2:      layout_rooms, serial_aquarium, aquarium_bridge_long_joined
          [aquarium_subvault_window, aquarium_subvault_wall,
          aquarium_subvault_wall, aquarium_subvault_bridge,
          aquarium_subvault_bridge, aquarium_subvault_bridge],
          aquarium_window_fake, aquarium_window_2, aquarium_window_1,
          aquarium_view_2d, aquarium_view_2d, aquarium_balcony_3b,
          grunt_ministairs_4
D:3:      layout_loops_cross, general_overflow_altar, serial_shops,
          nicolae_shop_waterfront, serial_bayou_crossing
D:4:      layout_basic, uniq_sigmund
D:5:      layout_basic, old_standard_altar, grunt_gozag_breadcrumbs,
          minmay_temple_entry_sparse_star
D:6:      layout_rooms, lemuel_round_altar,
          mainiacjoe_overflow_concentric_impassable, ebering_ghost_inner_flame
D:7:      layout_gridville, serial_shops, nicolae_diamond_shop
D:8:      layout_basic, grunt_temple_overflow_octagram,
          erik_lair_orcish_takeover, nicolae_wooded_promenade
D:9:      layout_irregular_city, minmay_misc_feat_hallway, nrook_pool_corridor
D:10:     layout_long_grid, mainiacjoe_overflow_chevrons, david_orc_3,
          kb_rosetta
D:11:     layout_stronghold, minmay_misc_feat_rows
Temple:   nicolae_temple_figure_zero

Skill      XL: |  1  2  3  4  5  6  7  8  9 10 |
---------------+-------------------------------+-----
Staves         | 4 5 6 7 9 11 13 14 | 14.0
Bows           | 2 |  2.0
Armour         | 3 |  3.0
Fighting       | 5 |  5.0
Invocations    | 2 |  2.5
Dodging        | 3 |  3.4
Throwing       | |  1.7

Action                   |  1- 3 |  4- 6 |  7- 9 | 10-12 || total
-------------------------+-------+-------+-------+-------++-------
Melee: Quarterstaff      |   124 |   110 |   381 |    65 ||   680
       Lajatang          |       |       |       |    84 ||    84
Throw: Throwing net      |       |     5 |     1 |       ||     6
       Dart              |       |       |     9 |       ||     9
Evoke: Wand              |       |       |     2 |       ||     2
  Use: Scroll            |     3 |     4 |     8 |     5 ||    20
       Potion            |       |       |       |     1 ||     1
 Stab: Sleeping          |     1 |       |       |       ||     1
       Held in net/web   |       |     3 |     1 |       ||     4
Armor: Leather armour    |    24 |    19 |    64 |       ||   107
       Chain mail        |    13 |    29 |       |       ||    42
       Plate armour      |       |       |   118 |    61 ||   179
Dodge: Dodged            |    75 |    43 |   138 |    18 ||   274
Block: Other             |       |       |    14 |    29 ||    43
       Reflection        |       |       |       |     1 ||     1

Table legend: (Time is in decaauts)
 A = Elapsed time spent in this place.
 B = Non-inter-level travel time spent in this place.
 C = Inter-level travel time spent in this place.
 D = Time resting spent in this place.
 E = Time spent auto-exploring this place.
 F = Levels seen in this place.
 G = Mean time per level.
                   A        B        C        D        E       F      G
               +--------+--------+--------+--------+--------+-----+--------+
         Total |  11898 |  11462 |    436 |   3555 |   5796 |  12 |  991.5 |
       Dungeon |  11774 |  11348 |    426 |   3555 |   5684 |  11 | 1070.4 |
        Temple |    123 |    113 |     10 |      0 |    112 |   1 |  123.0 |
               +--------+--------+--------+--------+--------+-----+--------+

Top non-repeatable levels by time:
     D:4: 2035 daAuts
     D:8: 1818 daAuts
     D:5: 1441 daAuts
     D:6: 1354 daAuts
     D:3: 1150 daAuts
     D:1: 907 daAuts
     D:7: 849 daAuts
     D:9: 768 daAuts
     D:2: 701 daAuts
    D:11: 393 daAuts
    D:10: 353 daAuts
  Temple: 123 daAuts
